 Dungeon Crawl Stone Soup version 0.17-a0-1635-gd4e48f1 (webtiles) character file.

0 hexophile the Ducker (level 1, -1/9 HPs)
             Began as a Spriggan Abyssal Knight on Aug 4, 2015.
             Was a Follower of Lugonu.
             Slain by a thrashing horror (10 damage)
             ... on level 4 of the Abyss.
             The game lasted 00:01:26 (273 turns).

hexophile the Ducker (Spriggan Abyssal Knight)       Turns: 273, Time: 00:01:26

Health: -1/9       AC:  2    Str:  8      XL:     1   Next: 0%
Magic:  3/3        EV: 18    Int: 12 (13) God:    Lugonu [*.....]
Gold:   77         SH:  0    Dex: 15      Spells: 0 memorised, 0 levels left

rFire  . . .     SeeInvis +     a - +1 short sword
rCold  . . .     Clarity  .     b - +0 robe
rNeg   . . .     SustAt   .     (shield restricted)
rPois  .         Gourm    .     (helmet restricted)
rElec  .         Spirit   .     (no cloak)
rCorr  .         Warding  .     (gloves unavailable)
rMut   .         Stasis   .     (boots unavailable)
MR     .....                    e - amulet of faith
Stlth  +.........               (no ring)
                                (no ring)

@: very quick, not resistant to hostile enchantments, very unstealthy
A: unfitting armour, see invisible, deterioration 1, herbivore 3, speed 3, frail
1, slow healing 1, slow metabolism 2
a: Depart the Abyss, Renounce Religion


You were on level 4 of the Abyss.
You worshipped Lugonu.
Lugonu was aware of your devotion.
You were not hungry.

You visited 0 branches of the dungeon, and saw 0 of its levels.
You visited the Abyss 1 time.

You collected 77 gold pieces.

Inventory:

Hand weapons
 a - a +1 short sword (weapon)
Armour
 b - a +0 robe (worn)
Jewellery
 e - an amulet of faith (around neck)
Scrolls
 d - a scroll of recharging {unknown}
 g - a scroll of teleportation {unknown}
Potions
 f - a potion of brilliance {unknown}
Comestibles
 c - a bread ration


   Skills:
 - Level 2.4 Fighting
 - Level 2.1 Short Blades
 - Level 3.5 Dodging
 + Level 0.0 Stealth
 - Level 1.7 Invocations


You couldn't memorise any spells.
You didn't know any spells.

Dungeon Overview and Level Annotations

Branches:
Dungeon (0/15)

Altars:


Innate Abilities, Weirdness & Mutations

You are tiny and cannot use many weapons and most armour.
You have supernaturally acute eyesight.
You are a herbivore.
You cover ground extremely quickly.
You need consume almost no food.
[Your body sometimes deteriorates upon taking damage.]
[You are frail (-10% HP).]
[You heal slowly when monsters are visible.]


Message History

A wretched star appears in a shower of translocational energy.
A thrashing horror comes into view.
Found a scroll labeled MUPUFETIXI.
A wretched star comes into view.
The thrashing horror barely misses you. x2
The thrashing horror barely misses you.
The thrashing horror closely misses you.
Found a gateway leading deeper into the Abyss.
A small abomination comes into view.
The thrashing horror misses you.
The thrashing horror tramples you but does no damage.
The thrashing horror roars!
The wretched star pulses with an eldritch light!
You feel yourself wasting away.
Your natural healing is weakened.
You feel frail.
Unknown command.
A fire bat comes into view.
The fire bat moves out of view.
The thrashing horror tramples you!
Ouch! That really hurt!
You die...

# .#.#.....#. .# #..
#.#.# .## . . .# ....
##....# #. #
##.####...#..#?## #.#.
##..#.# ..##...# #
..##.####......# #.
#.#.##.#....#.#
#..#.##.....*### # ..
#....@X###. ..##.# .#
....#.>....#....# ≈# #
# #..x#.#..#.....≈≈≈≈
....#..######....#≈≈≈≈
.......# .#.≈ #####
###..#. .#≈≈.. ..### #
#≈≈≈ #..


You could see a wretched star, a thrashing horror and a small abomination.

Vanquished Creatures (others)
  2 starspawn tentacles (Abyss:2)
  6 starspawn tentacle segments (Abyss:2)
8 creatures vanquished.

Notes
Turn   | Place    | Note
--------------------------------------------------------------
     0 | Abyss:1  | hexophile the Spriggan Abyssal Knight began the quest for the Orb.
     0 | Abyss:1  | Reached XP level 1. HP: 11/11 MP: 3/3
   100 | Abyss:2  | Noticed a large abomination
   130 | Abyss:2  | Noticed a komodo dragon
   131 | Abyss:2  | Noticed an orange demon
   139 | Abyss:2  | Noticed a thrashing horror
   146 | Abyss:2  | Noticed a large abomination
   160 | Abyss:2  | Noticed a worldbinder
   161 | Abyss:2  | Noticed a blink frog
   161 | Abyss:2  | Noticed a blink frog
   162 | Abyss:2  | Noticed a neqoxec
   176 | Abyss:2  | Noticed a tentacled starspawn
   178 | Abyss:2  | Noticed a yak
   178 | Abyss:2  | Noticed a yak
   189 | Abyss:2  | Noticed a blink frog
   250 | Abyss:4  | Noticed a wretched star
   263 | Abyss:4  | Noticed a thrashing horror
   267 | Abyss:4  | Noticed a wretched star
   271 | Abyss:4  | Noticed a small abomination
   273 | Abyss:4  | Noticed a fire bat
   273 | Abyss:4  | Slain by a thrashing horror

Vault maps used:
Abyss:3:  evilmike_abyss_rune_acolytes_1
Abyss:4:  evilmike_abyss_rune_tentacle_tunnel, bh_abyss_exit_choice
